| TOP OF THE 1ST |
|
Mobile Bears batting - Pitching for Birmingham Barons : RHP Gregory DeHart
|
|
Pitching: RHP Gregory DeHart
|
|
|
Batting: LHB Jeffrey Szczecinski
|
0-0: Called Strike 0-1: Foul Ball, location: 2F 0-2: Ball 1-2: Ball 2-2: Ball 3-2: Foul Ball, location: 2F 3-2: Base on Balls
|
|
Batting: RHB Bob Hendershot
|
0-0: Ball 1-0: Called Strike Jeffrey Szczecinski steals 2nd base 1-1: SINGLE (Flyball, 8RS, EV 92.5 MPH) Jeffrey Szczecinski to third Runner from 3rd tries for Home, SAFE, throw by CF to home
|
|
Batting: LHB Franklin Stubbs
|
0-0: Ball 1-0: Ball 2-0: Called Strike 2-1: Foul Ball, location: 2F 2-2: Ball 3-2: Foul Ball, location: 2F 3-2: Fly out, F8 (Flyball, 89D, EV 84.4 MPH)
|
|
Batting: SHB Dave Cochrane
|
0-0: Ball 1-0: Foul Ball, location: 2F 1-1: SINGLE (Line Drive, 6M, EV 96.9 MPH) Bob Hendershot to second
|
|
Batting: LHB Douglas Latrenta
|
0-0: Ball 1-0: Ball 2-0: Ball 3-0: Called Strike 3-1: Foul Ball, location: 2F 3-2: Foul Ball, location: 2F 3-2: Base on Balls Bob Hendershot to third Dave Cochrane to second
|
|
Batting: RHB Jose Aguirre
|
0-0: Called Strike 0-1: Ball 1-1: Ball 2-1: Ball 3-1: Foul Ball, location: 2F 3-2: Grounds into double play, 4-6-3 (Groundball, 4, EV 86.3 MPH)
|
| Top of the 1st over - 1 run, 2 hits, 0 errors, 2 left on base; Mobile 1 - Birmingham 0 |
| BOTTOM OF THE 1ST |
|
Birmingham Barons batting - Pitching for Mobile Bears : RHP Jose Villamil
|
|
Pitching: RHP Jose Villamil
|
|
|
Batting: RHB Robin Townley
|
0-0: Ball 1-0: Ground out 6-3 (Groundball, 6, EV 80.0 MPH)
|
|
Batting: RHB Jordan Arredondo
|
0-0: Called Strike 0-1: Ball 1-1: SINGLE (Line Drive, 34, EV 95.6 MPH)
|
|
Batting: RHB Tim Hulett
|
0-0: SINGLE (Groundball, 4S, EV 70.0 MPH) (infield hit) Jordan Arredondo to second
|
|
Batting: LHB Vernon Ramie
|
0-0: Called Strike 0-1: Foul Ball, location: 2F 0-2: Foul Ball, location: 2F 0-2: Ball Wild Pitch! Jordan Arredondo to third Tim Hulett to second 1-2: Strikes out looking
|
|
Batting: RHB Daniel Johnson
|
0-0: Called Strike 0-1: Ball 1-1: Ball 2-1: Swinging Strike 2-2: Ball 3-2: Strikes out swinging
|
| Bottom of the 1st over - 0 runs, 2 hits, 0 errors, 2 left on base; Mobile 1 - Birmingham 0 |
| TOP OF THE 2ND |
|
Mobile Bears batting - Pitching for Birmingham Barons : RHP Gregory DeHart
|
|
Batting: RHB Jim Opie
|
0-0: Ball 1-0: Foul Ball, location: 2F 1-1: Ground out U3 (Groundball, 34S, EV 81.9 MPH)
|
|
Batting: RHB Tony Velasquez
|
0-0: Ball 1-0: Ball 2-0: Ball 3-0: Base on Balls
|
|
Batting: SHB Rodney Scott
|
0-0: SINGLE (Line Drive, 9S, EV 96.9 MPH) Tony Velasquez to second Runner from 2nd tries for 3rd, SAFE, throw by RF made to third
|
|
Batting: LHB Jeffrey Szczecinski
|
0-0: Called Strike 0-1: Ball 1-1: Ball 2-1: Ball 3-1: Base on Balls Rodney Scott to second
|
|
Batting: RHB Bob Hendershot
|
0-0: Foul Ball, location: 2F 0-1: Called Strike 0-2: Ball Wild Pitch! Tony Velasquez scores Rodney Scott to third Jeffrey Szczecinski to second 1-2: Foul Ball, location: 2F 1-2: Strikes out swinging
|
|
Batting: LHB Franklin Stubbs
|
0-0: Ball 1-0: Ball 2-0: Ball 3-0: Called Strike 3-1: Base on Balls
|
|
Batting: SHB Dave Cochrane
|
0-0: Ball 1-0: Ball 2-0: Foul Ball, location: 2F 2-1: TRIPLE (Flyball, 89XD, EV 96.3 MPH) Rodney Scott scores Jeffrey Szczecinski scores Franklin Stubbs scores
|
|
Batting: LHB Douglas Latrenta
|
0-0: Ball Passed Ball! Dave Cochrane scores 1-0: Swinging Strike 1-1: Ball 2-1: Ball 3-1: Base on Balls
|
|
Pitching: RHP Jay Kibbe
|
|
|
Batting: RHB Jose Aguirre
|
0-0: Called Strike Douglas Latrenta steals 2nd base (no throw) 0-1: Ball 1-1: Foul Ball, location: 2F 1-2: Ball 2-2: DOUBLE (Line Drive, 89D, EV 108.1 MPH) Douglas Latrenta scores
|
|
Batting: RHB Jim Opie
|
0-0: Ball 1-0: Called Strike 1-1: Called Strike 1-2: Fly out, F5 (Line Drive, 5, EV 68.1 MPH)
|
| Top of the 2nd over - 6 runs, 3 hits, 0 errors, 1 left on base; Mobile 7 - Birmingham 0 |
| BOTTOM OF THE 2ND |
|
Birmingham Barons batting - Pitching for Mobile Bears : RHP Jose Villamil
|
|
Batting: LHB Joe Szekely
|
0-0: Ball 1-0: Swinging Strike 1-1: Foul Ball, location: 2F 1-2: Foul Ball, location: 2F 1-2: SINGLE (Line Drive, 89S, EV 95.6 MPH)
|
|
Batting: RHB Anthony Veith
|
0-0: Called Strike 0-1: Called Strike 0-2: Foul Ball, location: 2F 0-2: Ball 1-2: Ball 2-2: Strikes out swinging
|
|
Batting: SHB Giampietro Pasquetto
|
Pickoff Throw to First - Out! 1-3 0-0: Called Strike 0-1: Ball 1-1: Ball 2-1: Called Strike 2-2: Foul Ball, location: 2F 2-2: Strikes out swinging
|
| Bottom of the 2nd over - 0 runs, 1 hit, 0 errors, 0 left on base; Mobile 7 - Birmingham 0 |
| TOP OF THE 3RD |
|
Mobile Bears batting - Pitching for Birmingham Barons : RHP Jay Kibbe
|
|
Batting: RHB Tony Velasquez
|
0-0: Ball 1-0: Ball 2-0: Foul Ball, location: 2F 2-1: Foul Ball, location: 2F 2-2: Ground out 5-3 (Groundball, 5L, EV 91.3 MPH)
|
|
Batting: SHB Rodney Scott
|
0-0: Ball 1-0: Ball 2-0: Ball 3-0: Base on Balls
|
|
Batting: LHB Jeffrey Szczecinski
|
0-0: Ball 1-0: Called Strike 1-1: Foul Ball, location: 2F 1-2: Ball 2-2: Fly out, F7 (Flyball, 7D, EV 88.8 MPH)
|
|
Batting: RHB Bob Hendershot
|
0-0: Swinging Strike 0-1: Ball 1-1: Ball 2-1: Ball 3-1: Base on Balls Rodney Scott to second
|
|
Batting: LHB Franklin Stubbs
|
0-0: Ball 1-0: Foul Ball, location: 2F 1-1: Ball 2-1: SINGLE (Line Drive, 78M, EV 101.9 MPH) Rodney Scott to third Bob Hendershot to second Runner from 3rd tries for Home, SAFE, throw by CF to home
|
|
Batting: SHB Dave Cochrane
|
0-0: DOUBLE (Flyball, 89XD, EV 105.6 MPH) Bob Hendershot scores Franklin Stubbs to third Runner from 3rd tries for Home, SAFE, throw by CF to home
|
|
Batting: LHB Douglas Latrenta
|
0-0: Ground out U3 (Groundball, 34, EV 84.4 MPH)
|
| Top of the 3rd over - 3 runs, 2 hits, 0 errors, 1 left on base; Mobile 10 - Birmingham 0 |
| BOTTOM OF THE 3RD |
|
Birmingham Barons batting - Pitching for Mobile Bears : RHP Jose Villamil
|
|
Batting: RHB Thomas Echstenkamper
|
0-0: Ball 1-0: Called Strike 1-1: Fly out, F8 (Flyball, 78D, EV 95.6 MPH)
|
|
Batting: RHB Robin Townley
|
0-0: Fly out, F7 (Flyball, 78S, EV 84.4 MPH)
|
|
Batting: RHB Jordan Arredondo
|
0-0: Ball 1-0: Foul Ball, location: 2F 1-1: Ground out 5-3 (Groundball, 5, EV 84.4 MPH)
|
| Bottom of the 3rd over - 0 runs, 0 hits, 0 errors, 0 left on base; Mobile 10 - Birmingham 0 |
| TOP OF THE 4TH |
|
Mobile Bears batting - Pitching for Birmingham Barons : RHP Jay Kibbe
|
|
Batting: RHB Jose Aguirre
|
0-0: Swinging Strike 0-1: Ball 1-1: SINGLE (Line Drive, 7LS, EV 92.5 MPH)
|
|
Batting: RHB Jim Opie
|
0-0: Ball 1-0: Ball 2-0: Called Strike 2-1: Fielders Choice at 2nd, 3-6 (Groundball, 13, EV 86.3 MPH)
|
|
Batting: RHB Tony Velasquez
|
0-0: Ball 1-0: Foul Ball, location: 2F 1-1: Ball 2-1: Grounds into double play, 4-6-3 (Groundball, 4, EV 79.4 MPH)
|
| Top of the 4th over - 0 runs, 1 hit, 0 errors, 0 left on base; Mobile 10 - Birmingham 0 |
| BOTTOM OF THE 4TH |
|
Birmingham Barons batting - Pitching for Mobile Bears : RHP Jose Villamil
|
|
Batting: RHB Tim Hulett
|
0-0: Called Strike 0-1: Swinging Strike 0-2: Strikes out swinging
|
|
Batting: LHB Vernon Ramie
|
0-0: Ball 1-0: Ball 2-0: Called Strike 2-1: Swinging Strike 2-2: Ball 3-2: Ground out U3 (Groundball, 3S, EV 80.6 MPH)
|
|
Batting: RHB Daniel Johnson
|
0-0: Ball 1-0: Single, Error in OF, E7, batter to second base (Groundball, 56D, EV 98.1 MPH)
|
|
Batting: LHB Joe Szekely
|
0-0: Called Strike 0-1: Swinging Strike 0-2: Foul Ball, location: 2F 0-2: Foul Ball, location: 2F 0-2: Ball 1-2: Ball 2-2: Foul Ball, location: 2F 2-2: Ball 3-2: Foul Ball, location: 2F 3-2: Foul Ball, location: 2F 3-2: Foul Ball, location: 2F 3-2: Base on Balls
|
|
Batting: RHB Anthony Veith
|
0-0: Ball 1-0: Called Strike 1-1: Ball 2-1: Ball 3-1: Swinging Strike 3-2: Base on Balls Daniel Johnson to third Joe Szekely to second
|
|
Batting: SHB Giampietro Pasquetto
|
0-0: Ball 1-0: Ball 2-0: Ball 3-0: Base on Balls Daniel Johnson scores Joe Szekely to third Anthony Veith to second
|
|
Batting: RHB Thomas Echstenkamper
|
0-0: Fly out, F7 (Flyball, 7S, EV 87.5 MPH)
|
| Bottom of the 4th over - 1 run, 1 hit, 1 error, 3 left on base; Mobile 10 - Birmingham 1 |
| TOP OF THE 5TH |
|
Mobile Bears batting - Pitching for Birmingham Barons : RHP Jay Kibbe
|
|
Batting: SHB Rodney Scott
|
0-0: Swinging Strike 0-1: Ball 1-1: DOUBLE (Line Drive, 78D, EV 103.8 MPH)
|
|
Batting: LHB Jeffrey Szczecinski
|
0-0: Called Strike 0-1: Ball 1-1: SINGLE (Line Drive, 9S, EV 104.4 MPH) Rodney Scott to third
|
|
Batting: RHB Bob Hendershot
|
0-0: Ball 1-0: Fly out, F8 (Flyball, 8LXD, EV 93.1 MPH) Runner from 3rd tags up, SCORES, no throw by CF
|
|
Batting: LHB Franklin Stubbs
|
0-0: Ball 1-0: Ball 2-0: Called Strike 2-1: Ball 3-1: Foul Ball, location: 2F 3-2: Ground out 4-3 (Groundball, 34D, EV 101.9 MPH) Jeffrey Szczecinski to second
|
|
Batting: SHB Dave Cochrane
|
0-0: Ball 1-0: 2-RUN HOME RUN (Flyball, 89XD, EV 95.6 MPH), Distance : 422 ft
|
|
Batting: LHB Douglas Latrenta
|
0-0: SINGLE (Groundball, 4D, EV 110.6 MPH)
|
|
Batting: RHB Jose Aguirre
|
0-0: Called Strike 0-1: Fly out, F9 (Flyball, 9S, EV 88.8 MPH)
|
| Top of the 5th over - 3 runs, 4 hits, 0 errors, 1 left on base; Mobile 13 - Birmingham 1 |
| BOTTOM OF THE 5TH |
|
Birmingham Barons batting - Pitching for Mobile Bears : RHP Jose Villamil
|
|
Batting: RHB Robin Townley
|
0-0: Foul Ball, location: 2F 0-1: Foul Ball, location: 2F 0-2: Ball 1-2: Ball 2-2: Foul Ball, location: 2F 2-2: Ground out 6-3 (Groundball, 6, EV 91.9 MPH)
|
|
Batting: RHB Jordan Arredondo
|
0-0: Foul Ball, location: 2F 0-1: TRIPLE (Flyball, 89XD, EV 94.4 MPH)
|
|
Batting: RHB Tim Hulett
|
0-0: Ball 1-0: Swinging Strike 1-1: SINGLE (Groundball, 4D, EV 111.9 MPH) Jordan Arredondo scores
|
|
Batting: LHB Vernon Ramie
|
0-0: Ball 1-0: Swinging Strike 1-1: Ball 2-1: Ball 3-1: Base on Balls Tim Hulett to second
|
|
Batting: RHB Daniel Johnson
|
0-0: Ball 1-0: Ball 2-0: Ball 3-0: Called Strike 3-1: Called Strike 3-2: Grounds into double play, 4-6-3 (Groundball, 4, EV 87.5 MPH)
|
| Bottom of the 5th over - 1 run, 2 hits, 0 errors, 1 left on base; Mobile 13 - Birmingham 2 |
| TOP OF THE 6TH |
|
Mobile Bears batting - Pitching for Birmingham Barons : RHP Jay Kibbe
|
|
Batting: RHB Jim Opie
|
0-0: Ball 1-0: Called Strike 1-1: Foul Ball, location: 2F 1-2: SINGLE (Flyball, 56D, EV 88.8 MPH)
|
|
Pitching: RHP Joe Guerrero
|
|
|
Batting: RHB Tony Velasquez
|
0-0: Ball 1-0: Swinging Strike 1-1: Called Strike 1-2: Ball 2-2: Foul Ball, location: 2F 2-2: DOUBLE (Line Drive, 8LXD, EV 112.5 MPH) Jim Opie to third
|
|
Batting: SHB Rodney Scott
|
0-0: Called Strike 0-1: Ball 1-1: Foul Ball, location: 2F 1-2: Strikes out swinging
|
|
Batting: LHB Jeffrey Szczecinski
|
0-0: Ball 1-0: Ball 2-0: Ball 3-0: Base on Balls
|
|
Batting: RHB Bob Hendershot
|
0-0: Foul Ball, location: 2F 0-1: Ball 1-1: Swinging Strike 1-2: Ball 2-2: Ball 3-2: Foul Ball, location: 2F 3-2: Base on Balls Jim Opie scores Tony Velasquez to third Jeffrey Szczecinski to second
|
|
Batting: LHB Franklin Stubbs
|
0-0: Foul Ball, location: 2F 0-1: Foul Ball, location: 2F 0-2: Strikes out swinging
|
|
Batting: SHB Dave Cochrane
|
0-0: Swinging Strike 0-1: Foul Ball, location: 2F 0-2: Foul Ball, location: 2F 0-2: Foul Ball, location: 2F 0-2: Strikes out looking
|
| Top of the 6th over - 1 run, 2 hits, 0 errors, 3 left on base; Mobile 14 - Birmingham 2 |
| BOTTOM OF THE 6TH |
|
Birmingham Barons batting - Pitching for Mobile Bears : RHP Jose Villamil
|
|
Batting: LHB Joe Szekely
|
0-0: Called Strike 0-1: Fly out, F9 (Flyball, 9S, EV 86.9 MPH)
|
|
Batting: RHB Anthony Veith
|
0-0: Ball 1-0: Ball 2-0: Ball 3-0: Swinging Strike 3-1: Swinging Strike 3-2: Strikes out swinging
|
|
Batting: SHB Giampietro Pasquetto
|
0-0: DOUBLE (Line Drive, 78M, EV 103.8 MPH)
|
|
Batting: RHB Thomas Echstenkamper
|
0-0: Fly out, F3 (Popup, 3S, EV 81.9 MPH)
|
| Bottom of the 6th over - 0 runs, 1 hit, 0 errors, 1 left on base; Mobile 14 - Birmingham 2 |
| TOP OF THE 7TH |
|
Mobile Bears batting - Pitching for Birmingham Barons : RHP Joe Guerrero
|
|
Batting: LHB Douglas Latrenta
|
0-0: Swinging Strike 0-1: Swinging Strike 0-2: Ball 1-2: Ball 2-2: Ground out U3 (Groundball, 34, EV 100.0 MPH)
|
|
Pitching: RHP Jim Gerlach
|
|
|
Batting: RHB Jose Aguirre
|
0-0: Ball 1-0: Ball 2-0: Ball 3-0: Called Strike 3-1: Base on Balls
|
|
Batting: RHB Jim Opie
|
0-0: Foul Ball, location: 2F 0-1: Ball 1-1: Called Strike 1-2: Strikes out looking
|
|
Batting: RHB Tony Velasquez
|
0-0: Foul Ball, location: 2F 0-1: Ball 1-1: Ball 2-1: Ball 3-1: Fly out, F8 (Flyball, 8LXD, EV 104.4 MPH)
|
| Top of the 7th over - 0 runs, 0 hits, 0 errors, 1 left on base; Mobile 14 - Birmingham 2 |
| BOTTOM OF THE 7TH |
|
Birmingham Barons batting - Pitching for Mobile Bears : RHP Jose Villamil
|
|
Batting: RHB Robin Townley
|
0-0: Swinging Strike 0-1: Swinging Strike 0-2: Strikes out looking
|
|
Batting: RHB Jordan Arredondo
|
0-0: Called Strike 0-1: SINGLE (Groundball, 4MD, EV 108.1 MPH)
|
|
Batting: RHB Tim Hulett
|
0-0: Called Strike 0-1: Grounds into double play, 6-4-3 (Groundball, 6S, EV 89.4 MPH)
|
| Bottom of the 7th over - 0 runs, 1 hit, 0 errors, 0 left on base; Mobile 14 - Birmingham 2 |
| TOP OF THE 8TH |
|
Mobile Bears batting - Pitching for Birmingham Barons : RHP Jim Gerlach
|
|
Pinch Hitting: SHB Paul Hundhammer
|
0-0: Foul Ball, location: 2F 0-1: Ball 1-1: Called Strike 1-2: Ball 2-2: Fly out, F9 (Flyball, 9LS, EV 86.3 MPH)
|
|
Batting: LHB Jeffrey Szczecinski
|
0-0: Called Strike 0-1: Ball 1-1: Ball 2-1: Ball 3-1: SINGLE (Line Drive, 9LS, EV 103.1 MPH)
|
|
Batting: RHB Bob Hendershot
|
0-0: Called Strike 0-1: Ball 1-1: Swinging Strike 1-2: Foul Ball, location: 2F 1-2: Strikes out swinging
|
|
Batting: LHB Franklin Stubbs
|
0-0: Foul Ball, location: 2F 0-1: Ball 1-1: Ball 2-1: Foul Ball, location: 2F 2-2: Strikes out swinging
|
| Top of the 8th over - 0 runs, 1 hit, 0 errors, 1 left on base; Mobile 14 - Birmingham 2 |
| BOTTOM OF THE 8TH |
|
Birmingham Barons batting - Pitching for Mobile Bears : RHP Jose Villamil
|
|
Now at 2B: Paul Hundhammer
|
|
|
Batting: LHB Vernon Ramie
|
0-0: Fly out, F8 (Flyball, 8LXD, EV 100.0 MPH)
|
|
Batting: RHB Daniel Johnson
|
0-0: Foul Ball, location: 2F 0-1: Foul Ball, location: 2F 0-2: Fly out, F7 (Flyball, 78M, EV 83.8 MPH)
|
|
Batting: LHB Joe Szekely
|
0-0: Called Strike 0-1: Foul Ball, location: 2F 0-2: Ball 1-2: Strikes out swinging
|
| Bottom of the 8th over - 0 runs, 0 hits, 0 errors, 0 left on base; Mobile 14 - Birmingham 2 |
| TOP OF THE 9TH |
|
Mobile Bears batting - Pitching for Birmingham Barons : RHP Jim Gerlach
|
|
Batting: SHB Dave Cochrane
|
0-0: Ball 1-0: Ball 2-0: Foul Ball, location: 2F 2-1: Swinging Strike 2-2: Ball 3-2: Foul Ball, location: 2F 3-2: Foul Ball, location: 2F 3-2: Ground out 4-3 (Groundball, 4, EV 78.1 MPH)
|
|
Pitching: LHP Guy Finch
|
|
|
Batting: LHB Douglas Latrenta
|
0-0: Fly out, F8 (Flyball, 8LM, EV 87.5 MPH)
|
|
Batting: RHB Jose Aguirre
|
0-0: Ball 1-0: Ball 2-0: Called Strike 2-1: Ball 3-1: Swinging Strike 3-2: Strikes out looking
|
| Top of the 9th over - 0 runs, 0 hits, 0 errors, 0 left on base; Mobile 14 - Birmingham 2 |
| BOTTOM OF THE 9TH |
|
Birmingham Barons batting - Pitching for Mobile Bears : RHP Jose Villamil
|
|
Batting: RHB Anthony Veith
|
0-0: Foul Ball, location: 2F 0-1: Swinging Strike 0-2: Foul Ball, location: 2F 0-2: Ball 1-2: Strikes out looking
|
|
Batting: SHB Giampietro Pasquetto
|
0-0: Ball 1-0: Ground out U3 (Groundball, 34S, EV 81.9 MPH)
|
|
Batting: RHB Thomas Echstenkamper
|
0-0: Swinging Strike 0-1: Fly out, F7 (Flyball, 7, EV 81.9 MPH)
|
| Bottom of the 9th over - 0 runs, 0 hits, 0 errors, 0 left on base; Mobile 14 - Birmingham 2 |
|